AoeStats
← Der Sprudel

Arabian Desert

509428625Analyzed
1v1 RM · 5d ago on Sep 26, 2026· 63m 40s· 2 players
Game mode
Random Map
Map size
Tiny (2 player)
Population
200
Speed
Normal
Resources
Standard
Victory
Conquest
Starting age
Dark Age
Ending age
Imperial Age
RankedLock teamsTeams togetherTeam positionsShared explorationLock speedFull tech treeHidden civsTurbo modeCheats
Victory
Defeat
🇩🇪 Varangians · Germany
1256
+14
🇨🇴 Maya · Colombia
1215
-14
hdperezn
0:26 Loom
9:46 Feudal Age
16:04 Fletching
16:05 Town Watch
16:48 Padded Archer Armor
16:46 Double-Bit Axe
23:38 Castle Age
23:41 Crossbowman
24:26 Thumb Ring
25:09 Bodkin Arrow
25:24 Gold Mining
29:18 Bow Saw
33:50 Ballistics
38:30 Imperial Age
36:35 Wheelbarrow
38:28 Town Patrol
38:16 Elite Skirmisher
39:15 Leather Archer Armor
40:26 Chemistry
40:53 Hand Cart
40:38 Stone Mining
41:33 Arbalester
44:17 Bracer
44:47 Ring Archer Armor
46:01 Conscription
45:58 Hul'che Javelineers
49:42 Forging
49:32 Scale Mail Armor
48:55 Eagle Warrior
49:35 Squires
49:20 Arson
50:23 Elite Eagle Warrior
52:27 Iron Casting
52:08 Chain Mail Armor
53:24 Holcans
55:02 Blast Furnace
56:15 Masonry
57:30 Plate Mail Armor
Der Sprudel
6:34 Loom
9:36 Feudal Age
10:45 Double-Bit Axe
10:31 Man-at-Arms
14:36 Horse Collar
21:34 Castle Age
20:34 Scale Mail Armor
20:53 Fletching
21:21 Gold Mining
22:43 Bodkin Arrow
25:01 Padded Archer Armor
26:13 Elite Skirmisher
27:28 Town Watch
29:20 Leather Archer Armor
30:32 Wheelbarrow
35:16 Hand Cart
35:19 Bow Saw
36:59 Squires
41:07 Imperial Age
39:41 Arson
39:42 Gambesons
41:16 Chain Mail Armor
42:18 Bracer
42:59 Ballistics
44:07 Ring Archer Armor
44:15 Onager
46:06 Plate Mail Armor
45:46 Forging
46:54 Chemistry
46:01 Siege Engineers
46:45 Elite Varangian Guard
48:58 Two-Man Saw
48:20 Masonry
48:55 Iron Casting
49:22 Heavy Plow
49:54 Conscription
48:58 Gothikon
52:04 Blast Furnace
52:23 Scale Barding Armor
53:42 Crop Rotation
56:15 Chain Barding Armor
59:20 Light Cavalry
60:11 Bloodlines
60:02 Husbandry
63:29 Hussar
Connection lost

Rejoining the realm…

Still unreachable

The connection could not be restored.

Session expired

The server has moved on; the page needs a fresh start.